Map: Submarine LE

Players

DANKCRAFT - Winner!

  • Race: Terran Terran
  • League: Master
  • Spawn Location: 5:00

Thunder

  • Race: Zerg Zerg
  • League: Diamond
  • Spawn Location: 11:00

VOD

Have the link to the VOD?

Description

Time

  • Played on: Nov. 27, 2020, 8:04 a.m.
  • Length: 11:21
Show
View Real Time Build Order
Export as new Build Order

DANKCRAFT Terran - Winner!

Build Orders: 2 Factory, Mech 

Get SALT Encoding   

  12  0:01  SCV  
  13  0:13  SCV  
  14  0:21  Supply Depot  
  14  0:25  SCV  
  15  0:37  Refinery  
  15  0:42  SCV  
  16  0:43  Refinery  
  16  0:54  Barracks  
  16  0:59  SCV  
  17  1:11  SCV  
  18  1:23  SCV  
  19  1:27  Supply Depot  
  19  1:35  SCV  
  20  1:44  Factory  
  21  1:47  Reaper, SCV  
  22  1:56  Bunker  
  22  1:59  SCV  
  20  2:15  Orbital Command  
  23  2:19  Marine  
  24  2:28  Factory Tech Lab  
  24  2:34  Factory  
  24  2:44  Factory  
  24  2:50  Supply Depot  
  24  2:53  Marine  
  25  3:12  Siege Tank  
  28  3:17  SCV  
  29  3:20  Supply Depot  
  29  3:29  Hellion x2, SCV  
  34  3:43  Supply Depot  
  34  3:44  Hellion, Marine  
  38  3:56  Hellion x2  
  40  4:14  Hellion  
  42  4:18  Armory  
  42  4:22  Supply Depot  
  42  4:24  Supply Depot  
  42  4:30  Factory Tech Lab x2  
  42  4:35  SCV  
  43  4:49  Starport  
  43  5:12  Thor x2  
  55  5:17  Hellion x6  
  55  5:42  Thor  
  61  5:57  Starport Tech Lab  
  61  6:06  Command Center  
  61  6:16  Thor  
  67  6:27  Hellion x2, Thor x4  
  71  6:33  Supply Depot  
  71  6:37  Supply Depot  
  71  6:55  Raven  
  73  7:11  Hellion  
  73  7:12  Hellion  
  77  7:26  Thor  
  77  7:28  SCV  
  77  7:29  SCV  
  85  7:33  Hellion x2  
  89  7:45  Medivac  
  91  7:54  Hellion x2  
  95  8:09  Hellion  
  97  8:43  Thor  
  81  8:58  Thor  
  78  9:44  Hellion x3  
Show
View Real Time Build Order
Export as new Build Order

Thunder Zerg 

Build Orders: Hatch First 

Get SALT Encoding   

  12  0:05  Drone  
  13  0:09  Drone  
  14  0:17  Overlord  
  14  0:37  Drone x2  
  14  0:38  Drone  
  17  0:59  Hatchery  
  16  1:05  Drone x2  
  18  1:15  Overlord  
  18  1:21  Extractor  
  17  1:26  Spawning Pool  
  17  1:31  Drone  
  17  1:32  Drone  
  18  1:48  Drone  
  18  1:53  Overlord  
  19  2:15  Queen, Zergling x4  
  21  2:16  Spine Crawler  
  21  2:20  Queen  
  24  2:23  Metabolic Boost  
  24  2:30  Drone  
  25  2:37  Drone x2  
  25  2:39  Drone  
  25  2:41  Drone  
  29  2:51  Queen  
  31  3:05  Drone x4  
  35  3:10  Pneumatized Carapace  
  35  3:12  Drone  
  36  3:16  Zergling x2  
  37  3:27  Queen  
  37  3:32  Overlord  
  37  3:33  Baneling Nest  
  38  3:39  Zergling x4  
  40  4:00  Drone x3  
  40  4:01  Extractor, Zergling x6  
  45  4:06  Lair  
  45  4:09  Drone x3  
  48  4:27  Hatchery  
  48  4:28  Evolution Chamber  
  46  4:34  Overlord  
  46  4:36  Extractor  
  45  4:38  Spine Crawler  
  45  4:43  Spine Crawler  
  43  4:48  Queen, Extractor, Overlord  
  44  4:53  Drone x2  
  46  5:00  Zerg Ground Armor Level 1  
  46  5:12  Zergling x6  
  46  5:13  Zergling x2  
  50  5:16  Baneling x2  
  47  5:35  Baneling  
  47  5:36  Baneling x3  
  47  5:39  Zergling x2  
  47  5:40  Zergling x2  
  49  5:43  Overlord x3  
  49  5:45  Drone  
  49  5:46  Drone x2  
  51  5:51  Hatchery  
  48  6:11  Overlord  
  48  6:12  Overlord x2  
  48  6:15  Baneling  
  48  6:16  Baneling x3  
  48  6:17  Zergling x6  
  51  6:29  Spire  
  51  6:31  Baneling  
  51  6:32  Baneling x2  
  50  6:36  Drone, Spore Crawler  
  50  6:45  Drone x3  
  53  6:48  Drone  
  53  6:53  Spore Crawler  
  53  7:03  Drone x3  
  56  7:13  Drone x3  
  56  7:14  Drone  
  60  7:30  Hatchery  
  60  7:34  Drone  
  60  7:35  Drone x2  
  62  7:40  Drone x2  
  64  7:45  Zerg Missile Weapons Level 1  
  64  7:51  Evolution Chamber  
  64  7:55  Drone x5  
  64  7:57  Drone  
  69  8:08  Zergling x2  
  69  8:09  Zergling x12  
  76  8:18  Zergling x10  
  81  8:27  Zergling x4  
  81  8:28  Zergling x2  
  69  8:52  Zergling x22  
  77  8:58  Mutalisk  
  77  8:59  Zergling x2  
  77  9:00  Zergling x8  
  77  9:01  Baneling x12  
  77  9:02  Baneling x5  
  83  9:04  Extractor  
  83  9:06  Zergling x6  
  83  9:07  Extractor  
  84  9:15  Zergling x4  
  84  9:16  Zergling x6  
  75  9:22  Zergling x2  
  75  9:23  Zergling x4  
  69  9:25  Zergling x4  
  69  9:29  Zergling x2  
  71  9:36  Zergling x6  
  71  9:37  Zergling x2  
  67  9:43  Zergling x8  
  67  9:44  Zergling x4  
  70  9:51  Spine Crawler  
  68  9:59  Zergling x2  
  63  10:03  Zergling x2  
  63  10:04  Zergling x6  
  50  10:08  Zergling x2  
Tags
 
Composition
Mech
Matchup
TvZ
Spawn Locations
Cross Positions
Add a new tag
Caveats
  • Supply blocks, unpowered buildings, or Contaminate may cause inaccurate times.
  • Supply counts are checked every 10 seconds.